 Dungeon Crawl Stone Soup version 0.29-a0-559-g359e09b9d1 (webtiles) character file.

Game seed: 15875243330388068766

45037 Pelinal the Destroyer (level 13, -2/102 HPs)
             Began as a Green Draconian Conjurer on June 10, 2022.
             Was an Elder of Sif Muna.
             Killed from afar by a gargoyle (20 damage)
             ... with a stone arrow
             ... in a volcano.
             The game lasted 00:58:30 (18496 turns).

Pelinal the Destroyer (Green Draconian Conjurer)   Turns: 18496, Time: 00:58:31

Health: -2/102     AC: 10    Str: 15    XL:     13   Next: 99%
Magic:  18/29      EV: 13    Int: 22    God:    Sif Muna [****..]
Gold:   950        SH:  0    Dex: 10    Spells: 2/18 levels left

rFire   . . .      SeeInvis .   Q - +3 dagger (elec)
rCold   + . .      Faith    .   (no shield)
rNeg    . . .      Spirit   .   (body armour unavailable)
rPois   +          Reflect  .   l - +0 hat
rElec   .          Harm     .   (no cloak)
rCorr   .          Rampage  .   n - +0 pair of gloves
Will    .....                   v - +0 pair of boots
Stlth   +++.......              w - amulet of regeneration
HPRegen 1.07/turn               S - ring of the Rabble {Wiz rC+ Str+4}
MPRegen 0.21/turn               x - ring of magical power

@: no status effects
A: breathe noxious fumes, AC +8, unfitting armour, poison resistance,
cold-blooded
a: Breathe Noxious Fumes, Renounce Religion, Channel Magic, Forget Spell, Divine
Exegesis


You were in a volcano.
You worshipped Sif Muna.
Sif Muna was greatly pleased with you.
You visited 3 branches of the dungeon, and saw 16 of its levels.
You also visited: Bailey and Volcano.

You collected 1058 gold pieces.
You spent 108 gold pieces at shops.

Inventory:

Hand Weapons
 b - a +0 hunting sling of venom
 Q - a +3 dagger of electrocution (weapon)
Missiles
 y - 5 throwing nets
 K - 9 poisoned darts
 M - 5 atropa-tipped darts
Armour
 k - the +0 pair of gloves of Fepesoc {Harm}
   (You found it on level 2 of the Dungeon)

   Harm:      It increases damage dealt and taken.
 l - a +0 hat (worn)
 n - a +0 pair of gloves (worn)
 v - a +0 pair of boots (worn)
 Z - a +0 tower shield
Magical Staves
 E - a staff of poison
Jewellery
 g - a ring of see invisible
 m - a ring of ice
 w - an amulet of regeneration (around neck)
 x - a ring of magical power (right hand)
 F - a ring of fire
 I - the ring of Ixkedugeesk {rElec rN+ Will+ Str+4}
   (You took it off a hobgoblin in a bailey)

   [ring of willpower]

   Str:       It affects your strength (+4).
   rElec:     It insulates you from electricity.
   rN:        It protects you from negative energy.
   Will:      It increases your willpower.
 S - the ring of the Rabble (left hand) {Wiz rC+ Str+4}
   (You found it on level 10 of the Dungeon)

   [ring of wizardry]

   It improves your spell success rate.
   Str:       It affects your strength (+4).
   rC:        It protects you from cold.
 U - a +4 ring of protection
 W - an amulet of reflection
 X - a ring of flight
Wands
 a - a wand of mindburst (6)
 q - a wand of flame (15)
 t - a wand of iceblast (12)
 O - a wand of digging (6)
Scrolls
 c - 11 scrolls of enchant weapon
 d - 2 scrolls of magic mapping
 e - 5 scrolls of enchant armour
 i - 3 scrolls of fog
 r - a scroll of brand weapon
 s - 2 scrolls of blinking {unknown}
 u - 5 scrolls of teleportation
 A - 9 scrolls of identify
 B - a scroll of torment
 C - 6 scrolls of vulnerability
 D - a scroll of amnesia
 N - 3 scrolls of immolation
 P - a scroll of fear
 R - a scroll of summoning
Potions
 f - 4 potions of ambrosia
 h - 2 potions of attraction
 j - 5 potions of lignification
 o - a potion of curing
 p - 5 potions of heal wounds
 z - 4 potions of cancellation
 G - 2 potions of magic
 H - a potion of might {unknown}
 J - a potion of mutation {unknown}
 L - a potion of haste {unknown}
 T - 2 potions of invisibility {unknown}
 V - a potion of brilliance {unknown}
 Y - a potion of degeneration {unknown}


   Skills:
 - Level 5.9 Fighting
 - Level 6.0 Throwing
 - Level 5.3 Dodging
 - Level 5.4 Stealth
 - Level 3.0 Spellcasting
 + Level 12.6 Conjurations
 + Level 11.6 Hexes
 - Level 3.1 Translocations
 - Level 5.9 Earth Magic
 + Level 10.2 Invocations
 - Level 5.0 Evocations


You had 2 spell levels left.
You knew the following spells:

 Your Spells              Type           Power      Damage    Failure   Level
a - Stone Arrow           Conj/Erth      88%        3d12      1%          3
b - Searing Ray           Conj           100%       2d8       1%          2
c - Dazzling Flash        Conj/Hex       100%       N/A       1%          3
d - Fulminant Prism       Conj/Hex       27%        3d14      1%          4
e - Iskenderun's Mystic   Conj/Tloc      38%        2d9       1%          4

Your spell library contained the following spells:

 Spells                   Type           Power      Damage    Failure   Level
 Magic Dart               Conj           100%       1d8       1%          1
 Sandblast                Erth           58%        2d13      1%          1
 Passwall                 Tmut/Erth      13%        N/A       2%          2
 Necrotize                Necr           12%        1d4       4%          1
 Hailstorm                Conj/Ice       31%        3d8       3%          4
 Vampiric Draining        Necr           3%         2d6       16%         3
 Corpse Rot               Necr/Pois/Air  3%         N/A       43%         4
 Dispel Undead            Necr           3%         3d7       43%         4
 Ice Form                 Ice/Tmut       3%         N/A       43%         4
 Summon Forest            Summ/Tloc      5%         N/A       56%         5
 Agony                    Necr           3%         N/A       77%         5
 Death Channel            Necr           1%         N/A       99%         6
 Eringya's Noxious Bog    Tmut/Pois      1%         N/A       99%         6
 Simulacrum               Ice/Necr       1%         N/A       99%         6
 Summon Hydra             Summ           1%         N/A       100%        7


Dungeon Overview and Level Annotations

Branches:
Dungeon (11/15)            Temple (1/1) D:4            Lair (4/6) D:11
  Swamp (0/4) Lair:4       Spider (0/4) Lair:4          Orc (0/2) D:11
 Bailey (visited)         Volcano (1/1)

Altars:
Ashenzari
Cheibriados
Dithmenos
Elyvilon
Fedhas
Gozag
Hepliaklqana
Kikubaaqudgha
Makhleb
Nemelex Xobeh
Okawaru
Qazlal
Ru
Sif Muna
Trog
Uskayaw
Vehumet
Wu Jian
Xom
Yredelemnul
Zin
The Shining One

Shops:
D:1 (   D:4 ?

Annotations:
D:6 1 runed translucent door, Crazy Yiuf


Innate Abilities, Weirdness & Mutations

You can breathe blasts of noxious fumes.
Your lurid green scales are hard. (AC +8)
You cannot fit into any form of body armour.
Your system is resistant to poisons. (rPois)
You are cold-blooded and may be slowed by cold attacks.


Message History

Your fulminant prism explodes!
The blast of energy engulfs the cyclops!!
You kill the cyclops!
Sif Muna accepts your kill.
There is a rock-blocked tunnel here.
Unknown command.
Unknown command.
Unknown command.
Casting: Fulminant Prism (safe; 1% risk of failure)
Confirm with . or Enter, or press ? or * to list all spells.
Aiming: Fulminant Prism (safe; 1% risk of failure)
Press: ? - help, Dir - move target You conjure a prism of explosive energy!
A fulminant prism comes into view.
You feel less invigorated.
The gargoyle hits you with a +1 flail of venom!!
You are poisoned.
You feel very sick.
Your fulminant prism crackles loudly.
Unknown command.
Unknown command.
As you read the scroll of fear, it crumbles to dust.
You assume a fearsome visage.
The cyclops resists with almost no effort.
The gargoyle is unaffected.
You feel very sick.
The gargoyle hits you with a +1 flail of venom!
* * * LOW HITPOINT WARNING * * *
Your fulminant prism explodes!
The blast of energy engulfs the gargoyle!
The gargoyle is heavily damaged.
The blast of energy engulfs the cyclops!
The cyclops is severely wounded.
Unknown command.
Unknown command.
Unknown command.
Unknown command.
You feel better. The cyclops misses you.
The gargoyle hurls a stone arrow at you.
The stone arrow hits you!!
You die...

# #. #. #..
#######
####..##8..8.##
#8...8.'.....8#
#......(..(...#
#...⌠..#..9C.∩#
#......'...@..#
#8...8.'.....8#
####..##8..8.##
#.. ####### #..
#..


You could see a cyclops and a gargoyle.

Vanquished Creatures
  An orc warlord (Bailey)
  3 hydras
  Fannar (Lair:1)
  Harold (Lair:1)
  A boulder beetle (Lair:4)
  12 death yaks
  3 two-headed ogres
  A tengu warrior (D:9)
  A swamp dragon (Lair:4)
  An orc knight (Bailey)
  Pikel (D:5)
  2 manticores
  3 oklob plants (Lair:1)
  2 cyclopes (Volcano)
  3 elephants (Lair:4)
  2 black mambas
  6 cane toads
  Maggie (D:9)
  3 komodo dragons
  3 polar bears
  2 trolls
  4 dream sheep (Lair:3)
  2 vampires
  4 humans (D:6)
  15 yaks
  Eustachio (D:5)
  Grum (D:8)
  A basilisk (Lair:1)
  3 wyverns
  2 vampire mosquitoes (D:11)
  A steam dragon (D:8)
  Edmund (D:5)
  An acid dragon (D:11)
  8 water moccasins
  A floating eye (Lair:1)
  10 orc warriors
  2 sky beasts
  5 ice beasts
  3 black bears
  3 wolves (D:8)
  3 ogres
  7 centaurs
  Blork the orc (D:6)
  A kobold brigand (D:7)
  9 bullfrogs
  3 gnoll sergeants
  4 scorpions
  4 wights (D:9)
  24 killer bees
  4 howler monkeys
  7 electric eels
  A wyvern simulacrum (D:8)
  3 gnoll shamans
  5 hounds
  2 jellies
  3 orc priests
  Jessica (D:3)
  8 iguanas
  8 orc wizards
  25 gnolls
  9 adders
  3 white imps
  2 howler monkey simulacra (D:8)
  An ufetubus (D:7)
  A worm (D:4)
  3 dart slugs
  50 orcs
  6 endoplasms
  5 giant cockroaches
  17 goblins
  13 hobgoblins
  9 jackals
  3 quokkas
  6 ball pythons
  3 bats (D:2)
  2 frilled lizards
  7 kobolds
  5 rats
  A bush (Lair:1)
  3 fulminant prisms
393 creatures vanquished.

Vanquished Creatures (others)
  A water elemental (D:11)
  A human (D:7)
  228 fulminant prisms
  10 fungi
  23 plants
263 creatures vanquished.

Grand Total: 656 creatures vanquished

Notes
Turn   | Place    | Note
-------+----------+-------------------------------------------
     0 | D:1      | Pelinal the Draconian Conjurer began the quest for the Orb.
     0 | D:1      | Reached XP level 1. HP: 14/14 MP: 3/3
   318 | D:1      | Found a faded altar of an unknown god.
   446 | D:1      | Found Huviezxy's Weapon Emporium.
   501 | D:1      | Reached XP level 2. HP: 20/20 MP: 3/5
  1023 | D:2      | Identified the +0 pair of gloves of Fepesoc {Harm}
  1045 | D:1      | Learned a level 2 spell: Searing Ray
  1161 | D:2      | Reached XP level 3. HP: 26/26 MP: 1/6
  1795 | D:2      | Learned a level 3 spell: Dazzling Flash
  1876 | D:2      | Reached XP level 4. HP: 33/33 MP: 4/7
  2330 | D:3      | Found a glowing golden altar of the Shining One.
  2483 | D:3      | Reached skill level 5 in Conjurations
  2490 | D:3      | Reached skill level 1 in Hexes
  2633 | D:3      | Found a stormy altar of Qazlal.
  2642 | D:3      | Noticed Jessica
  2647 | D:3      | Found a white marble altar of Elyvilon.
  2648 | D:3      | Killed Jessica
  2832 | D:3      | Reached XP level 5. HP: 38/38 MP: 3/9
  2944 | D:3      | Learned a level 4 spell: Fulminant Prism
  3273 | D:4      | Noticed an ogre
  3759 | D:4      | Found a staircase to the Ecumenical Temple.
  3777 | Temple   | Entered the Ecumenical Temple
  4084 | D:3      | Became a worshipper of Elyvilon the Healer
  4260 | D:4      | Reached skill level 1 in Invocations
  4260 | D:4      | Reached XP level 6. HP: 45/45 MP: 7/10
  5102 | D:4      | Found Xoluos's Magic Scroll Boutique.
  5109 | D:4      | Bought a scroll of identify for 24 gold pieces
  5109 | D:4      | Bought a scroll of identify for 24 gold pieces
  5109 | D:4      | Bought a scroll of noise for 12 gold pieces
  5109 | D:4      | Bought 2 scrolls of identify for 48 gold pieces
  5142 | D:5      | Entered Level 5 of the Dungeon
  5142 | D:5      | Noticed Pikel
  5159 | D:5      | Killed Pikel
  5160 | D:5      | Reached skill level 6 in Conjurations
  5160 | D:5      | Your scales start taking on a lurid green colour.
  5160 | D:5      | Reached XP level 7. HP: 50/50 MP: 11/11
  5160 | D:5      | Gained mutation: Your system is resistant to poisons.
                  | (rPois) [Green Draconian growth]
  5160 | D:5      | Noticed Edmund
  5184 | D:5      | Killed Edmund
  5185 | D:5      | Reached skill level 5 in Hexes
  5185 | D:5      | Reached XP level 8. HP: 57/57 MP: 0/12
  5627 | D:5      | Reached * piety under Elyvilon
  5835 | D:5      | Noticed Eustachio
  5846 | D:5      | Killed Eustachio
  5908 | D:5      | Reached skill level 7 in Conjurations
  6011 | D:5      | Reached skill level 5 in Invocations
  6268 | D:5      | Found a shimmering altar of Xom.
  6302 | D:5      | Found a radiant altar of Vehumet.
  6302 | D:5      | Found a shimmering blue altar of Sif Muna.
  6317 | D:5      | Fell from the grace of Elyvilon
  6317 | D:5      | Became a worshipper of Sif Muna the Loreminder
  6531 | D:6      | Reached XP level 9. HP: 62/62 MP: 13/13
  6769 | D:6      | Noticed Blork the orc
  6770 | D:6      | Reached skill level 8 in Conjurations
  6796 | D:6      | Killed Blork the orc
  7491 | D:6      | Found a runed translucent door.
  7492 | D:6      | Noticed Crazy Yiuf
  7681 | D:7      | Reached * piety under Sif Muna
  7751 | D:7      | Reached skill level 9 in Conjurations
  8286 | D:7      | Found an ancient bone altar of Kikubaaqudgha.
  8390 | D:7      | Found an opulent altar of Gozag.
  8729 | D:8      | Reached XP level 10. HP: 56/69 MP: 12/15
  8760 | D:8      | Noticed a five-headed hydra
  8810 | D:8      | Noticed a six-headed hydra
  8832 | D:8      | Found a large runed translucent door.
  8833 | D:8      | Found a large runed translucent door.
  9007 | D:8      | Found a basalt altar of Yredelemnul.
  9163 | D:8      | Reached ** piety under Sif Muna
  9243 | D:8      | Noticed a manticore
  9245 | D:8      | Killed a six-headed hydra
  9246 | D:8      | Reached skill level 10 in Conjurations
  9429 | D:8      | Killed a manticore
  9751 | D:8      | Noticed Grum
  9792 | D:8      | Killed Grum
 10562 | D:8      | Found a bloodstained altar of Trog.
 10613 | D:8      | Learned a level 4 spell: Iskenderun's Mystic Blast
 10626 | D:8      | Found a shadowy altar of Dithmenos.
 10649 | D:9      | Noticed a two-headed ogre
 10658 | D:9      | Killed a two-headed ogre
 10659 | D:9      | Reached skill level 1 in Fighting
 10659 | D:9      | Reached skill level 1 in Translocations
 10659 | D:9      | Reached XP level 11. HP: 56/78 MP: 11/17
 10795 | D:9      | Noticed a tengu warrior
 10796 | D:9      | Noticed a two-headed ogre
 10847 | D:9      | Found a flagged portal.
 10852 | Bailey   | Entered a bailey
 11020 | Bailey   | Reached *** piety under Sif Muna
 11075 | Bailey   | Noticed an orc knight
 11101 | Bailey   | Killed an orc knight
 11287 | Bailey   | Identified the ring of Ixkedugeesk {rElec rN+ Will+ Str+4}
 11428 | Bailey   | Noticed an orc warlord
 11458 | Bailey   | Killed an orc warlord
 11467 | Bailey   | Reached skill level 5 in Fighting
 11467 | Bailey   | Reached skill level 5 in Dodging
 11467 | Bailey   | Reached XP level 12. HP: 35/95 MP: 12/18
 12082 | D:9      | Killed a tengu warrior
 12210 | D:9      | Killed a two-headed ogre
 12392 | D:9      | Noticed Maggie
 12400 | D:9      | Killed Maggie
 12716 | D:9      | Learned a level 3 spell: Stone Arrow
 12729 | D:10     | Entered Level 10 of the Dungeon
 12781 | D:10     | Reached skill level 5 in Throwing
 12884 | D:10     | Reached skill level 1 in Earth Magic
 12884 | D:10     | Reached **** piety under Sif Muna
 13020 | D:10     | Reached skill level 5 in Evocations
 13144 | D:10     | Identified the ring of the Rabble {Wiz rC+ Str+4}
 13260 | D:10     | Found a sparkling altar of Nemelex Xobeh.
 13513 | D:11     | Noticed a death yak
 14085 | D:11     | Found a staircase to the Orcish Mines.
 14096 | D:11     | Noticed a death yak
 14111 | D:11     | Killed a death yak
 14121 | D:11     | Noticed a death yak
 14123 | D:11     | Noticed a death yak
 14128 | D:11     | Noticed a death yak
 14128 | D:11     | Noticed a death yak
 14132 | D:11     | Killed a death yak
 14133 | D:11     | Reached skill level 5 in Earth Magic
 14136 | D:11     | Noticed a death yak
 14207 | D:11     | Noticed a two-headed ogre
 14213 | D:11     | Killed a two-headed ogre
 14368 | D:11     | Found a staircase to the Lair.
 14435 | D:11     | Killed a death yak
 14436 | D:11     | Reached skill level 10 in Hexes
 14436 | D:11     | Reached XP level 13. HP: 84/102 MP: 16/19
 14443 | D:11     | Reached skill level 11 in Conjurations
 14912 | Lair:1   | Entered Level 1 of the Lair of Beasts
 14912 | Lair:1   | You fall into a shaft and drop 1 floor!
 15334 | Lair:1   | Noticed Fannar
 15354 | Lair:1   | Killed Fannar
 15364 | Lair:1   | Noticed Harold
 15374 | Lair:1   | Killed Harold
 15397 | Lair:1   | Reached skill level 5 in Stealth
 16323 | Lair:2   | Reached skill level 12 in Conjurations
 18049 | Lair:4   | Found a staircase to the Swamp.
 18226 | Lair:4   | Reached skill level 10 in Invocations
 18353 | Lair:4   | Found a dark tunnel.
 18358 | Volcano  | Entered a volcano
 18496 | Volcano  | Killed from afar by a gargoyle

Illustrated notes

Levels and vault maps discovered:
D:1:      matt_arrival_refuge, layout_basic, serial_forest,
          infiniplex_forest_lined_4_way, infiniplex_forest_pool,
          infiniplex_forest_lined_room_3, infiniplex_forest_straight_3,
          infiniplex_forest_clump_cross, infiniplex_forest_lined_1,
          infiniplex_forest_straight_3, infiniplex_forest_lined_3_way,
          serial_shops, nicolae_shop_bloodbath_and_beyond,
          hellmonk_ecumenical_altar_zigzags, minmay_tetromino_l2
D:2:      layout_loops_ring, chequers_serial_rivers_large_a
D:3:      layout_rooms, mainiacjoe_overflow_concentric_impassable,
          grunt_qazlal_clouds, mainiacjoe_overflow_cross_hatched, uniq_jessica
D:4:      layout_loops_corners, minmay_temple_entry_mist, serial_shops,
          kennysheep_little_box
D:5:      nicolae_cairo_tiling_large_dashed, layout_basic, kennysheep_mini_moat,
          gammafunk_temple_overflow_wave, minmay_misc_feat_tiny, uniq_eustachio,
          uniq_pikel, uniq_edmund
D:6:      layout_basic, minmay_ruffians, uniq_blork_the_orc,
          uniq_crazy_yiuf_cottage
D:7:      layout_basic, tgw_kikubaaqudgha, mainiacjoe_overflow_brackets
D:8:      cheibrodos_fzero, layout_basic, mainiacjoe_overflow_alcove_2,
          jmf_multi_god_temple2, serial_ice, serial_ice_c, serial_ice_a,
          serial_ice_l, serial_ice_h, uniq_grum
D:9:      layout_roguey, enter_bailey_4, minmay_misc_feat_ornament,
          lightli_fourway_metalbox, uniq_maggie
D:10:     layout_cross, mainiacjoe_overflow_tiny_flanked
D:11:     layout_basic, dpeg_lair_monsters, orc_0_dummy
Temple:   jpeg_temple_alley_garden
Lair:1:   layout_cave_shapes, disabler_island, uniq_fannar, uniq_harold
Lair:2:   layout_regular_city
Lair:3:   layout_gridlike, serial_bayou, serial_bayou_pond_d,
          serial_bayou_pond_a, serial_bayou_pond_a, serial_bayou_pond_e,
          serial_bayou_ford_a
Lair:4:   layout_concentric_octagons, minmay_swamp_entry_reptiles,
          hellmonk_spider_entry_not_the_bees, enter_volcano_4
Volcano:  hellmonk_zot_springs

Skill      XL: |  1  2  3  4  5  6  7  8  9 10 11 12 13 |
---------------+----------------------------------------+-----
Stealth        | 2 3 5 |  5.4
Conjurations   | 5 6 7 9 10 12 | 12.6
Hexes          | 1 2 4 5 6 8 9 10 11 | 11.6
Spellcasting   | 3 |  3.0
Invocations    | 1 3 5 6 8 10 | 10.2
Fighting       | 1 5 |  5.9
Dodging        | 2 5 |  5.3
Translocations | 1 3 |  3.1
Throwing       | 3 6 |  6.0
Evocations     | 4 5 |  5.0
Earth Magic    | 5 |  5.9

Action                   |  1- 3 |  4- 6 |  7- 9 | 10-12 | 13-15 || total
-------------------------+-------+-------+-------+-------+-------++-------
Melee: Dagger            |    19 |       |       |     2 |    19 ||    40
       Tailslap          |     1 |       |    10 |    13 |     5 ||    29
       Punch             |     1 |       |     2 |     1 |       ||     4
       Quarterstaff      |       |    33 |    13 |       |       ||    46
       Whip              |       |       |    45 |    74 |       ||   119
 Fire: Hunting sling     |    12 |       |       |       |       ||    12
Throw: Dart              |       |       |       |     3 |     3 ||     6
       Throwing net      |       |       |       |     1 |     1 ||     2
 Cast: Magic Dart        |    63 |    68 |    77 |    95 |       ||   303
       Searing Ray       |     4 |    14 |    27 |    21 |     2 ||    68
       Dazzling Flash    |       |       |     1 |     1 |       ||     2
       Fulminant Prism   |       |       |    28 |   143 |    61 ||   232
       Iskenderun's Myst |       |       |       |     1 |       ||     1
       Stone Arrow       |       |       |       |    18 |    99 ||   117
Invok: Channel Magic     |       |       |       |     6 |     5 ||    11
 Abil: Breathe Noxious F |       |       |    14 |    25 |     1 ||    40
Evoke: Wand              |       |     3 |    11 |     6 |     2 ||    22
  Use: Potion            |     1 |       |     2 |     3 |     3 ||     9
       Scroll            |       |     9 |       |    13 |     6 ||    28
 Stab: Sleeping          |       |     1 |     1 |     1 |       ||     3
       Confused          |       |       |       |     2 |       ||     2
Armor: Skin              |    10 |    22 |    33 |    99 |    19 ||   183
Dodge: Dodged            |    29 |    48 |    64 |   165 |    46 ||   352

Table legend: (Time is in decaauts)
 A = Elapsed time spent in this place.
 B = Non-inter-level travel time spent in this place.
 C = Inter-level travel time spent in this place.
 D = Time resting spent in this place.
 E = Time spent auto-exploring this place.
 F = Levels seen in this place.
 G = Mean time per level.
                   A        B        C        D        E       F      G
               +--------+--------+--------+--------+--------+-----+--------+
         Total |  18561 |  17849 |    712 |   4182 |   9681 |  18 | 1031.2 |
       Dungeon |  13620 |  12993 |    627 |   2673 |   7474 |  11 | 1238.2 |
        Temple |    245 |    208 |     37 |      0 |    186 |   1 |  245.0 |
          Lair |   3446 |   3398 |     48 |    868 |   1875 |   4 |  861.5 |
        Bailey |   1110 |   1110 |      0 |    543 |    146 |   1 | 1110.0 |
       Volcano |    137 |    137 |      0 |     98 |      0 |   1 |  137.0 |
               +--------+--------+--------+--------+--------+-----+--------+

Top non-repeatable levels by time:
     D:8: 1900 daAuts
     D:4: 1811 daAuts
     D:9: 1261 daAuts
     D:6: 1239 daAuts
     D:2: 1229 daAuts
    D:11: 1228 daAuts
     D:7: 1184 daAuts
  Lair:1: 1141 daAuts
     D:1: 1112 daAuts
  Bailey: 1110 daAuts
     D:5: 1102 daAuts
  Lair:2: 1071 daAuts
  Lair:3: 1029 daAuts
     D:3: 886 daAuts
    D:10: 665 daAuts
